%YAML 1.1
%TAG !u! tag:unity3d.com,2011:
--- !u!1 &2167556250426028444
GameObject:
  m_ObjectHideFlags: 0
  m_CorrespondingSourceObject: {fileID: 0}
  m_PrefabInstance: {fileID: 0}
  m_PrefabAsset: {fileID: 0}
  serializedVersion: 6
  m_Component:
  - component: {fileID: 3571830770768976164}
  - component: {fileID: 3170609924719876249}
  m_Layer: 0
  m_Name: Asteroide (12)
  m_TagString: Untagged
  m_Icon: {fileID: 0}
  m_NavMeshLayer: 0
  m_StaticEditorFlags: 0
  m_IsActive: 0
--- !u!4 &3571830770768976164
Transform:
  m_ObjectHideFlags: 0
  m_CorrespondingSourceObject: {fileID: 0}
  m_PrefabInstance: {fileID: 0}
  m_PrefabAsset: {fileID: 0}
  m_GameObject: {fileID: 2167556250426028444}
  m_LocalRotation: {x: 0, y: 0, z: 0, w: 1}
  m_LocalPosition: {x: 152.4, y: -416, z: 60.2}
  m_LocalScale: {x: 1, y: 1, z: 1}
  m_Children:
  - {fileID: 462811863908401275}
  - {fileID: 5974488452386994393}
  - {fileID: 9161676234605605006}
  - {fileID: 9110565169664984549}
  m_Father: {fileID: 0}
  m_RootOrder: 0
  m_LocalEulerAnglesHint: {x: 0, y: 0, z: 0}
--- !u!114 &3170609924719876249
MonoBehaviour:
  m_ObjectHideFlags: 0
  m_CorrespondingSourceObject: {fileID: 0}
  m_PrefabInstance: {fileID: 0}
  m_PrefabAsset: {fileID: 0}
  m_GameObject: {fileID: 2167556250426028444}
  m_Enabled: 1
  m_EditorHideFlags: 0
  m_Script: {fileID: 11500000, guid: 361320fd073ea8044a6d3b2533814322, type: 3}
  m_Name: 
  m_EditorClassIdentifier: 
--- !u!1001 &462811863908852377
PrefabInstance:
  m_ObjectHideFlags: 0
  serializedVersion: 2
  m_Modification:
    m_TransformParent: {fileID: 3571830770768976164}
    m_Modifications:
    - target: {fileID: 180238, guid: c49caf18677eba3478784cd2f08b98b8, type: 3}
      propertyPath: m_Name
      value: Asteroid_G
      objectReference: {fileID: 0}
    - target: {fileID: 484066, guid: c49caf18677eba3478784cd2f08b98b8, type: 3}
      propertyPath: m_LocalPosition.x
      value: 7.999939
      objectReference: {fileID: 0}
    - target: {fileID: 484066, guid: c49caf18677eba3478784cd2f08b98b8, type: 3}
      propertyPath: m_LocalPosition.y
      value: -25
      objectReference: {fileID: 0}
    - target: {fileID: 484066, guid: c49caf18677eba3478784cd2f08b98b8, type: 3}
      propertyPath: m_LocalPosition.z
      value: 150
      objectReference: {fileID: 0}
    - target: {fileID: 484066, guid: c49caf18677eba3478784cd2f08b98b8, type: 3}
      propertyPath: m_LocalRotation.x
      value: -0
      objectReference: {fileID: 0}
    - target: {fileID: 484066, guid: c49caf18677eba3478784cd2f08b98b8, type: 3}
      propertyPath: m_LocalRotation.y
      value: -0
      objectReference: {fileID: 0}
    - target: {fileID: 484066, guid: c49caf18677eba3478784cd2f08b98b8, type: 3}
      propertyPath: m_LocalRotation.z
      value: -0
      objectReference: {fileID: 0}
    - target: {fileID: 484066, guid: c49caf18677eba3478784cd2f08b98b8, type: 3}
      propertyPath: m_LocalRotation.w
      value: 1
      objectReference: {fileID: 0}
    - target: {fileID: 484066, guid: c49caf18677eba3478784cd2f08b98b8, type: 3}
      propertyPath: m_RootOrder
      value: 0
      objectReference: {fileID: 0}
    - target: {fileID: 484066, guid: c49caf18677eba3478784cd2f08b98b8, type: 3}
      propertyPath: m_LocalEulerAnglesHint.x
      value: 0
      objectReference: {fileID: 0}
    - target: {fileID: 484066, guid: c49caf18677eba3478784cd2f08b98b8, type: 3}
      propertyPath: m_LocalEulerAnglesHint.y
      value: 0
      objectReference: {fileID: 0}
    - target: {fileID: 484066, guid: c49caf18677eba3478784cd2f08b98b8, type: 3}
      propertyPath: m_LocalEulerAnglesHint.z
      value: 0
      objectReference: {fileID: 0}
    - target: {fileID: 484066, guid: c49caf18677eba3478784cd2f08b98b8, type: 3}
      propertyPath: m_LocalScale.x
      value: 1500
      objectReference: {fileID: 0}
    - target: {fileID: 484066, guid: c49caf18677eba3478784cd2f08b98b8, type: 3}
      propertyPath: m_LocalScale.y
      value: 1500
      objectReference: {fileID: 0}
    - target: {fileID: 484066, guid: c49caf18677eba3478784cd2f08b98b8, type: 3}
      propertyPath: m_LocalScale.z
      value: 1500
      objectReference: {fileID: 0}
    m_RemovedComponents: []
  m_SourcePrefab: {fileID: 100100000, guid: c49caf18677eba3478784cd2f08b98b8, type: 3}
--- !u!4 &462811863908401275 stripped
Transform:
  m_CorrespondingSourceObject: {fileID: 484066, guid: c49caf18677eba3478784cd2f08b98b8,
    type: 3}
  m_PrefabInstance: {fileID: 462811863908852377}
  m_PrefabAsset: {fileID: 0}
--- !u!1001 &5974488452387175985
PrefabInstance:
  m_ObjectHideFlags: 0
  serializedVersion: 2
  m_Modification:
    m_TransformParent: {fileID: 3571830770768976164}
    m_Modifications:
    - target: {fileID: 103884, guid: ece113bb09a725547ad15c6e1794fbe0, type: 3}
      propertyPath: m_Name
      value: Asteroid_H
      objectReference: {fileID: 0}
    - target: {fileID: 444136, guid: ece113bb09a725547ad15c6e1794fbe0, type: 3}
      propertyPath: m_LocalPosition.x
      value: -20.000061
      objectReference: {fileID: 0}
    - target: {fileID: 444136, guid: ece113bb09a725547ad15c6e1794fbe0, type: 3}
      propertyPath: m_LocalPosition.y
      value: -33
      objectReference: {fileID: 0}
    - target: {fileID: 444136, guid: ece113bb09a725547ad15c6e1794fbe0, type: 3}
      propertyPath: m_LocalPosition.z
      value: 150
      objectReference: {fileID: 0}
    - target: {fileID: 444136, guid: ece113bb09a725547ad15c6e1794fbe0, type: 3}
      propertyPath: m_LocalRotation.x
      value: -0
      objectReference: {fileID: 0}
    - target: {fileID: 444136, guid: ece113bb09a725547ad15c6e1794fbe0, type: 3}
      propertyPath: m_LocalRotation.y
      value: -0
      objectReference: {fileID: 0}
    - target: {fileID: 444136, guid: ece113bb09a725547ad15c6e1794fbe0, type: 3}
      propertyPath: m_LocalRotation.z
      value: -0
      objectReference: {fileID: 0}
    - target: {fileID: 444136, guid: ece113bb09a725547ad15c6e1794fbe0, type: 3}
      propertyPath: m_LocalRotation.w
      value: 1
      objectReference: {fileID: 0}
    - target: {fileID: 444136, guid: ece113bb09a725547ad15c6e1794fbe0, type: 3}
      propertyPath: m_RootOrder
      value: 1
      objectReference: {fileID: 0}
    - target: {fileID: 444136, guid: ece113bb09a725547ad15c6e1794fbe0, type: 3}
      propertyPath: m_LocalEulerAnglesHint.x
      value: 0
      objectReference: {fileID: 0}
    - target: {fileID: 444136, guid: ece113bb09a725547ad15c6e1794fbe0, type: 3}
      propertyPath: m_LocalEulerAnglesHint.y
      value: 0
      objectReference: {fileID: 0}
    - target: {fileID: 444136, guid: ece113bb09a725547ad15c6e1794fbe0, type: 3}
      propertyPath: m_LocalEulerAnglesHint.z
      value: 0
      objectReference: {fileID: 0}
    - target: {fileID: 444136, guid: ece113bb09a725547ad15c6e1794fbe0, type: 3}
      propertyPath: m_LocalScale.x
      value: 1300
      objectReference: {fileID: 0}
    - target: {fileID: 444136, guid: ece113bb09a725547ad15c6e1794fbe0, type: 3}
      propertyPath: m_LocalScale.y
      value: 1500
      objectReference: {fileID: 0}
    - target: {fileID: 444136, guid: ece113bb09a725547ad15c6e1794fbe0, type: 3}
      propertyPath: m_LocalScale.z
      value: 1300
      objectReference: {fileID: 0}
    m_RemovedComponents: []
  m_SourcePrefab: {fileID: 100100000, guid: ece113bb09a725547ad15c6e1794fbe0, type: 3}
--- !u!4 &5974488452386994393 stripped
Transform:
  m_CorrespondingSourceObject: {fileID: 444136, guid: ece113bb09a725547ad15c6e1794fbe0,
    type: 3}
  m_PrefabInstance: {fileID: 5974488452387175985}
  m_PrefabAsset: {fileID: 0}
--- !u!1001 &9110565169664875861
PrefabInstance:
  m_ObjectHideFlags: 0
  serializedVersion: 2
  m_Modification:
    m_TransformParent: {fileID: 3571830770768976164}
    m_Modifications:
    - target: {fileID: 173668, guid: 965a95650c5ae2a48b35aa03ca4a0a31, type: 3}
      propertyPath: m_Name
      value: Asteroid_E
      objectReference: {fileID: 0}
    - target: {fileID: 415920, guid: 965a95650c5ae2a48b35aa03ca4a0a31, type: 3}
      propertyPath: m_LocalPosition.x
      value: -18.000061
      objectReference: {fileID: 0}
    - target: {fileID: 415920, guid: 965a95650c5ae2a48b35aa03ca4a0a31, type: 3}
      propertyPath: m_LocalPosition.y
      value: -4
      objectReference: {fileID: 0}
    - target: {fileID: 415920, guid: 965a95650c5ae2a48b35aa03ca4a0a31, type: 3}
      propertyPath: m_LocalPosition.z
      value: 150
      objectReference: {fileID: 0}
    - target: {fileID: 415920, guid: 965a95650c5ae2a48b35aa03ca4a0a31, type: 3}
      propertyPath: m_LocalRotation.x
      value: -0
      objectReference: {fileID: 0}
    - target: {fileID: 415920, guid: 965a95650c5ae2a48b35aa03ca4a0a31, type: 3}
      propertyPath: m_LocalRotation.y
      value: -0
      objectReference: {fileID: 0}
    - target: {fileID: 415920, guid: 965a95650c5ae2a48b35aa03ca4a0a31, type: 3}
      propertyPath: m_LocalRotation.z
      value: -0
      objectReference: {fileID: 0}
    - target: {fileID: 415920, guid: 965a95650c5ae2a48b35aa03ca4a0a31, type: 3}
      propertyPath: m_LocalRotation.w
      value: 1
      objectReference: {fileID: 0}
    - target: {fileID: 415920, guid: 965a95650c5ae2a48b35aa03ca4a0a31, type: 3}
      propertyPath: m_RootOrder
      value: 3
      objectReference: {fileID: 0}
    - target: {fileID: 415920, guid: 965a95650c5ae2a48b35aa03ca4a0a31, type: 3}
      propertyPath: m_LocalEulerAnglesHint.x
      value: 0
      objectReference: {fileID: 0}
    - target: {fileID: 415920, guid: 965a95650c5ae2a48b35aa03ca4a0a31, type: 3}
      propertyPath: m_LocalEulerAnglesHint.y
      value: 0
      objectReference: {fileID: 0}
    - target: {fileID: 415920, guid: 965a95650c5ae2a48b35aa03ca4a0a31, type: 3}
      propertyPath: m_LocalEulerAnglesHint.z
      value: 0
      objectReference: {fileID: 0}
    - target: {fileID: 415920, guid: 965a95650c5ae2a48b35aa03ca4a0a31, type: 3}
      propertyPath: m_LocalScale.x
      value: 1200
      objectReference: {fileID: 0}
    - target: {fileID: 415920, guid: 965a95650c5ae2a48b35aa03ca4a0a31, type: 3}
      propertyPath: m_LocalScale.y
      value: 1250
      objectReference: {fileID: 0}
    - target: {fileID: 415920, guid: 965a95650c5ae2a48b35aa03ca4a0a31, type: 3}
      propertyPath: m_LocalScale.z
      value: 1500
      objectReference: {fileID: 0}
    m_RemovedComponents: []
  m_SourcePrefab: {fileID: 100100000, guid: 965a95650c5ae2a48b35aa03ca4a0a31, type: 3}
--- !u!4 &9110565169664984549 stripped
Transform:
  m_CorrespondingSourceObject: {fileID: 415920, guid: 965a95650c5ae2a48b35aa03ca4a0a31,
    type: 3}
  m_PrefabInstance: {fileID: 9110565169664875861}
  m_PrefabAsset: {fileID: 0}
--- !u!1001 &9161676234605259766
PrefabInstance:
  m_ObjectHideFlags: 0
  serializedVersion: 2
  m_Modification:
    m_TransformParent: {fileID: 3571830770768976164}
    m_Modifications:
    - target: {fileID: 190680, guid: 72776d15a565f3f499c3d02414de971e, type: 3}
      propertyPath: m_Name
      value: Asteroid_F
      objectReference: {fileID: 0}
    - target: {fileID: 449400, guid: 72776d15a565f3f499c3d02414de971e, type: 3}
      propertyPath: m_LocalPosition.x
      value: -1.000061
      objectReference: {fileID: 0}
    - target: {fileID: 449400, guid: 72776d15a565f3f499c3d02414de971e, type: 3}
      propertyPath: m_LocalPosition.y
      value: -1
      objectReference: {fileID: 0}
    - target: {fileID: 449400, guid: 72776d15a565f3f499c3d02414de971e, type: 3}
      propertyPath: m_LocalPosition.z
      value: 150
      objectReference: {fileID: 0}
    - target: {fileID: 449400, guid: 72776d15a565f3f499c3d02414de971e, type: 3}
      propertyPath: m_LocalRotation.x
      value: -0
      objectReference: {fileID: 0}
    - target: {fileID: 449400, guid: 72776d15a565f3f499c3d02414de971e, type: 3}
      propertyPath: m_LocalRotation.y
      value: -0
      objectReference: {fileID: 0}
    - target: {fileID: 449400, guid: 72776d15a565f3f499c3d02414de971e, type: 3}
      propertyPath: m_LocalRotation.z
      value: -0
      objectReference: {fileID: 0}
    - target: {fileID: 449400, guid: 72776d15a565f3f499c3d02414de971e, type: 3}
      propertyPath: m_LocalRotation.w
      value: 1
      objectReference: {fileID: 0}
    - target: {fileID: 449400, guid: 72776d15a565f3f499c3d02414de971e, type: 3}
      propertyPath: m_RootOrder
      value: 2
      objectReference: {fileID: 0}
    - target: {fileID: 449400, guid: 72776d15a565f3f499c3d02414de971e, type: 3}
      propertyPath: m_LocalEulerAnglesHint.x
      value: 0
      objectReference: {fileID: 0}
    - target: {fileID: 449400, guid: 72776d15a565f3f499c3d02414de971e, type: 3}
      propertyPath: m_LocalEulerAnglesHint.y
      value: 0
      objectReference: {fileID: 0}
    - target: {fileID: 449400, guid: 72776d15a565f3f499c3d02414de971e, type: 3}
      propertyPath: m_LocalEulerAnglesHint.z
      value: 0
      objectReference: {fileID: 0}
    - target: {fileID: 449400, guid: 72776d15a565f3f499c3d02414de971e, type: 3}
      propertyPath: m_LocalScale.x
      value: 1500
      objectReference: {fileID: 0}
    - target: {fileID: 449400, guid: 72776d15a565f3f499c3d02414de971e, type: 3}
      propertyPath: m_LocalScale.y
      value: 1500
      objectReference: {fileID: 0}
    - target: {fileID: 449400, guid: 72776d15a565f3f499c3d02414de971e, type: 3}
      propertyPath: m_LocalScale.z
      value: 1500
      objectReference: {fileID: 0}
    m_RemovedComponents: []
  m_SourcePrefab: {fileID: 100100000, guid: 72776d15a565f3f499c3d02414de971e, type: 3}
--- !u!4 &9161676234605605006 stripped
Transform:
  m_CorrespondingSourceObject: {fileID: 449400, guid: 72776d15a565f3f499c3d02414de971e,
    type: 3}
  m_PrefabInstance: {fileID: 9161676234605259766}
  m_PrefabAsset: {fileID: 0}
